 Dungeon Crawl Stone Soup version 0.18-a0-1570-gf60b0ab (webtiles) character file.

93 angel3174 the Skirmisher (level 4, 0/43 HPs)
             Began as a Gargoyle Berserker on Mar 14, 2016.
             Was a Believer of Trog.
             Killed by divine providence
             ... invoked by an orc priest
              (12 damage)
             ... on level 3 of the Dungeon.
             The game lasted 00:08:03 (2181 turns).

angel3174 the Skirmisher (Gargoyle Berserker)       Turns: 2181, Time: 00:08:03

Health: 0/43       AC: 10    Str: 27    XL:     4   Next: 61%
Magic:  4/4        EV: 10    Int: 12    God:    Trog [**....]
Gold:   62         SH:  3    Dex:  9    Spells: 0 memorised, 3 levels left

rFire  . . .     SeeInvis .     a - +0 mace
rCold  . . .     Gourm    .     k - +0 ring mail
rNeg   + . .     Faith    .     e - +0 buckler
rPois  ∞         Spirit   .     (no helmet)
rElec  +         Dismiss  .     g - +0 cloak
rCorr  .         Reflect  .     (no gloves)
SustAt .         Harm     .     (no boots)
MR     ++...                    (no amulet)
Stlth  ..........               (no ring)
                                (no ring)

@: brilliant, berserking, regenerating, very quick, very resistant to hostile
enchantments, extremely unstealthy
A: negative energy resistance 1, electricity resistance, unbreathing,
petrification resistance, rot immunity, AC +3
a: Berserk, Trog's Hand, Burn Spellbooks, Renounce Religion


You were on level 3 of the Dungeon.
You worshipped Trog.
Trog was pleased with you.
You were hungry.

You visited 1 branch of the dungeon, and saw 3 of its levels.

You collected 62 gold pieces.

Inventory:

Hand Weapons
 a - a +0 mace (weapon)
Armour
 e - a +0 buckler (worn)
 g - a +0 cloak (worn)
 k - a +0 ring mail (worn)
Wands
 p - a wand of confusion (36/48)
Scrolls
 d - 4 scrolls of identify
 n - a scroll of teleportation
Potions
 b - a potion of agility
 h - 2 potions of flight
 i - a potion of brilliance
Comestibles
 c - 2 bread rations
 f - a beef jerky
 l - 6 chunks of flesh
 m - 2 slices of pizza
 o - 2 fruits


   Skills:
 * Level 4.1 Fighting
 * Level 3.7 Maces & Flails
 * Level 2.8 Armour
 * Level 2.3 Dodging
 * Level 0.4 Shields


You had 3 spell levels left.
You didn't know any spells.

Dungeon Overview and Level Annotations

Branches:
Dungeon (3/15)

Altars:


Innate Abilities, Weirdness & Mutations

You are resistant to torment.
Your stone body is resilient (AC +3).
You are immune to poison.
You resist negative energy.
You are resistant to electric shocks.
You can survive without breathing.
You are immune to petrification.
You are immune to rotting.


Message History

Your skin crawls.
You feel resistant to hostile enchantments.
You are feeling hungry.
The bat hits you but does no damage.
You offer a prayer to Trog.
Trog is pleased with you.
You hit the bat but do no damage. The bat hits you but does no damage.
The orc priest calls down the wrath of Beogh upon you.
Beogh smites you!
* * * LOW HITPOINT WARNING * * *
The bat hits you but does no damage.
A red film seems to cover your vision as you go berserk!
You feel yourself moving faster!
You feel mighty!
You feel somewhat more hungry. You block the bat's attack.
You hit the bat.
You kill the bat!
Trog accepts your kill.
The orc priest mumbles some strange prayers to Beogh against you.
Beogh smites you!
You die...

# ...# .#.###. ..#.##
.......####..$..##
#........†...... #..
##<.###....
#.##...†.....#
#..#.......#.# .
#######.....#####o###....
#.........(....@o%o...#
.#####....##(###ro####
..###....#..#!# ##o#
#........##.#....oo..
###..#...# .######....
........## .. ......
###.#.... #.# .#..#. ..
#.##. .# ###.# ### #. #.


You could see an orc priest, 4 orcs and a quokka.

Vanquished Creatures
  4 adders (D:2)
  2 dart slugs
  A giant gecko (D:3)
  An orc (D:3)
  4 giant cockroaches
  6 goblins
  11 hobgoblins
  5 kobolds
  A quokka (D:2)
  A ball python (D:2)
  5 bats
  7 giant newts
  A rat (D:2)
49 creatures vanquished.

Notes
Turn   | Place    | Note
--------------------------------------------------------------
     0 | D:1      | angel3174 the Gargoyle Berserker began the quest for the Orb.
     0 | D:1      | Reached XP level 1. HP: 14/14 MP: 1/1
   216 | D:1      | Reached XP level 2. HP: 8/19 MP: 2/2
  1115 | D:1      | Reached XP level 3. HP: 21/24 MP: 3/3
  1334 | D:2      | Reached ** piety under Trog
  1590 | D:2      | Reached skill level 4 in Fighting
  1763 | D:2      | Reached XP level 4. HP: 29/29 MP: 4/4
  2181 | D:3      | Killed from afar by an orc priest

Vault maps used:
D:1:      minmay_arrival_semitransparent
D:3:      first_bread

Skill      XL: |  1  2  3 |
---------------+----------+-----
Fighting       | 4 |  4.1
Dodging        | 2 |  2.3
Maces & Flails | |  3.7
Armour         | |  2.8
Shields        | |  0.4

Action                   |  1- 3 |  4- 6 || total
-------------------------+-------+-------++-------
Melee: Mace              |   123 |    72 ||   195
Throw: Tomahawk          |     4 |     5 ||     9
Invok: Trog's Hand       |       |     2 ||     2
       Berserk           |       |     1 ||     1
  Use: Scroll            |       |     4 ||     4
       Potion            |       |     1 ||     1
  Eat: Chunk             |     3 |     1 ||     4
